 Dungeon Crawl Stone Soup version 0.28.0-53-g5a82cb258f (webtiles) character file.

Game seed: 12237967468971350119

109 clackabat the Chopper (level 4, -1/39 HPs)
             Began as a Minotaur Fighter on July 14, 2022.
             Slain by Grinder (7 damage)
             ... while paralysed by Grinder
             ... on level 3 of the Dungeon.
             The game lasted 00:03:08 (2346 turns).

clackabat the Chopper (Minotaur Fighter)            Turns: 2346, Time: 00:03:09

Health: -1/39      AC:  6    Str: 21    XL:     4   Next: 60%
Magic:  3/3        EV:  2    Int:  5    God:
Gold:   103        SH:  0    Dex: 11    Spells: 3/3 levels left

rFire   . . .      SeeInvis .   a - +0 war axe
rCold   . . .      Faith    .   (no shield)
rNeg    . . .      Spirit   .   b - +0 scale mail
rPois   .          Reflect  .   (helmet restricted)
rElec   .          Harm     .   (no cloak)
rCorr   .          Rampage  .   (no gloves)
Will    .....                   (no boots)
Stlth   ..........              (no amulet)
HPRegen 0.13/turn               (no ring)
MPRegen 0.08/turn               (no ring)

@: paralysed
A: horns 2, retaliatory headbutt
a: no special abilities


You were on level 3 of the Dungeon.
You visited 1 branch of the dungeon, and saw 3 of its levels.

You collected 103 gold pieces.

Inventory:

Hand Weapons
 a - a +0 war axe (weapon)
Missiles
 h - 4 poisoned darts (quivered)
Armour
 b - a +0 scale mail (worn)
 c - a +0 buckler
 j - an orb of mayhem
Scrolls
 g - a scroll of amnesia {unknown}
 i - a scroll of identify {unknown}
 k - a scroll of teleportation {unknown}
 l - a scroll of blinking {unknown}
Potions
 d - 2 potions of might
 e - 2 potions of curing {unknown}
 f - a potion of flight {unknown}
 m - a potion of berserk rage {unknown}


   Skills:
 - Level 3.6 Fighting
 * Level 5.9 Axes
 - Level 3.6 Armour
 - Level 3.6 Shields


You had 3 spell levels left.
You didn't know any spells.
Your spell library contained the following spells:

 Spells                   Type           Power      Damage    Failure   Level
 Gell's Gravitas          Tloc           0%         N/A       99%         3
 Lesser Beckoning         Tloc           0%         N/A       99%         3
 Teleport Other           Tloc           0%         N/A       99%         3


Dungeon Overview and Level Annotations

Branches:
Dungeon (3/15)

Altars:

Annotations:
D:3 Grinder


Innate Abilities, Weirdness & Mutations

You have a pair of horns on your head.
You reflexively headbutt those who attack you in melee.


Message History

The dart slug is heavily wounded.
Grinder opens the door.
The dart slug bites you but does no damage.
You slash the dart slug!
You kill the dart slug!
You closely miss Grinder.
Grinder is moderately wounded.
Grinder hits you but does no damage.
You hit Grinder but do no damage.
Grinder is moderately wounded.
Grinder gestures at you. You resist with significant effort.
You hit Grinder but do no damage. You headbutt Grinder!
Grinder is heavily wounded.
Grinder hits you.
You closely miss Grinder. You headbutt Grinder, but do no damage.
Grinder is heavily wounded.
Grinder hits you. Grinder hits you!
You writhe in agony.
You are too injured to fight recklessly!
You are too injured to fight recklessly!
You are too injured to fight recklessly!
You closely miss Grinder. You headbutt Grinder.
Grinder is heavily wounded.
Grinder hits you but does no damage.
You closely miss Grinder. Your headbutt misses Grinder.
Grinder is heavily wounded.
Grinder blinks!
You hit Grinder. Your headbutt misses Grinder.
Grinder is severely wounded.
Grinder hits you but does no damage.
You barely miss Grinder. You headbutt Grinder!
Grinder is almost dead.
Grinder gestures at you.
You suddenly lose the ability to move!
Grinder says, "Tell me all your secrets, or I'll kill you."
Grinder gestures at you. Pain shoots through your body!
* * * LOW HITPOINT WARNING * * *
Grinder hits you!
You die...

#.#.......#...
#.#.####.##..)
#.†......##...
##########.#.#######...
#..........#.## #...
...........#... #...
#...#...#...#. #... .#
#..5..###... #...
#.@.†.# .### ....
#'....†+ .
#...#####...# #...#.
..... ### # ...## #...
.#.# ..#


You could see Grinder.

Vanquished Creatures
  An orc wizard (D:3)
  3 adders
  A worm (D:3)
  2 dart slugs (D:3)
  4 orcs
  6 ball pythons
  4 endoplasms
  A giant cockroach (D:3)
  A goblin (D:1)
  8 hobgoblins
  5 kobolds
  A quokka (D:2)
  4 bats
  2 frilled lizards
  5 rats
48 creatures vanquished.

Notes
Turn   | Place    | Note
-------+----------+-------------------------------------------
     0 | D:1      | clackabat the Minotaur Fighter began the quest for the Orb.
     0 | D:1      | Reached XP level 1. HP: 19/19 MP: 0/0
   126 | D:1      | Reached skill level 3 in Axes
   378 | D:1      | Reached XP level 2. HP: 23/26 MP: 1/1
  1072 | D:2      | Reached skill level 4 in Axes
  1117 | D:2      | Reached XP level 3. HP: 31/31 MP: 2/2
  1970 | D:3      | Reached skill level 5 in Axes
  2108 | D:3      | Reached XP level 4. HP: 20/39 MP: 3/3
  2327 | D:3      | Noticed Grinder
  2345 | D:3      | Paralysed by Grinder for 2 turns
  2346 | D:3      | Slain by Grinder

Illustrated notes

Levels and vault maps discovered:
D:1:      sevenhm_arrival_forest_fort_large_2, layout_loops_cross,
          minmay_pentomino_t2
D:2:      layout_loops_ring
D:3:      cheibrodos_pilgrimage, layout_basic,
          minmay_fractal_squares_diagonal_5, uniq_grinder

Skill      XL: |  1  2  3 |
---------------+----------+-----
Axes           | 3 4 5 |  5.9
Fighting       | |  3.6
Armour         | |  3.6
Shields        | |  3.6

Action                   |  1- 3 |  4- 6 || total
-------------------------+-------+-------++-------
Melee: War axe           |    94 |    31 ||   125
       Headbutt          |    13 |     6 ||    19
       Punch             |     2 |     1 ||     3
Armor: Scale mail        |    45 |    12 ||    57
Dodge: Dodged            |    43 |    15 ||    58
